 Dungeon Crawl Stone Soup version 0.31-a0-40-g1d5085d191 (webtiles) character file.

Game seed: 6479891919540739423

943 lunkers the Cruncher (level 8, -6/71 HPs)
             Began as a Meteoran Wanderer on May 17, 2023.
             Was an Initiate of Yredelemnul.
             Splashed by a jelly's acid (8 damage)
             ... on level 5 of the Dungeon.
             The game lasted 00:08:02 (2548 turns).

lunkers the Cruncher (Meteoran Wanderer)            Turns: 2548, Time: 00:08:03

Health: -6/71      AC:  2    Str: 16    XL:     8   Next: 61%
Magic:  11/11      EV: 10    Int: 14    God:    Yredelemnul [......]
Gold:   277        SH:  0    Dex: 13    Spells: 8/9 levels left

rFire   . . .        a - +1 quarterstaff (venom)
rCold   . . .        (shield currently unavailable)
rNeg    . . .        j - +0 ring mail
rPois   .            f - +0 helmet
rElec   .            (no cloak)
rCorr   .            (no gloves)
SInv    .            (no boots)
Will    ++...        (no amulet)
Stlth   +            l - ring of willpower
HPRegen 0.31/turn    (no ring)
MPRegen 0.12/turn

%: no passive effects
@: mighty, corroded, glowing
A: sense surroundings 1, otherworldly, glowing, explore regen
a: Renounce Religion, Recall Undead Harvest


You were on level 5 of the Dungeon.
You worshipped Yredelemnul.
Yredelemnul was noncommittal.
You visited 1 branch of the dungeon, and saw 5 of its levels.

You collected 277 gold pieces.

Inventory:

Hand Weapons
 a - a +1 quarterstaff of venom (weapon)
Armour
 f - a +0 helmet (worn)
 j - a +0 ring mail (worn)
 s - a +0 helmet
Jewellery
 l - a ring of willpower (left hand)
Wands
 b - a wand of flame (4)
 k - a wand of mindburst (18)
 p - a wand of charming (12)
Scrolls
 c - a scroll of fog
Potions
 d - 3 potions of curing {unknown}
 g - a potion of attraction {unknown}
 h - 2 potions of invisibility {unknown}
 i - 4 potions of heal wounds
 m - 3 potions of lignification
 q - 3 potions of flight


   Skills:
 + Level 6.9 Fighting
 - Level 8.0 Staves
 + Level 0.0 Armour
 + Level 0.0 Dodging
 - Level 1.3 Spellcasting
 - Level 4.8 Translocations
 - Level 1.2 Invocations
 - Level 2.4 Evocations


You had 8 spell levels left.
You knew the following spells:

 Your Spells              Type           Power      Damage    Failure   Level
p - Apportation           Tloc           28%        N/A       7%          1

Your spell library contained the following spells:

 Spells                   Type           Power      Damage    Failure   Level
 Blink                    Tloc           28%        N/A       10%         2
 Teleport Other           Tloc           14%        N/A       21%         3
 Summon Small Mammal      Summ           0%         N/A       43%         1
 Manifold Assault         Tloc           14%        N/A       54%         4
 Call Canine Familiar     Summ           0%         N/A       82%         3
 Summon Guardian Golem    Hex/Summ       0%         N/A       82%         3
 Iskenderun's Mystic Bla  Conj/Tloc      7%         2d4       87%         4
 Storm Form               Tmut/Air       0%         N/A       100%        7


Dungeon Overview and Level Annotations

Branches:
Dungeon (5/15) Zot: 429
 Temple: D:4-7

Altars:
Ashenzari
Vehumet
Yredelemnul

Annotations:
D:5 ytrimaz's ghost, novice DjFE


Innate Abilities, Weirdness & Mutations

You passively map a small area around you.
You are easily found by Zot.
You glow in the dark.
You regain HP and MP as you explore.


Message History

Your orc zombie is destroyed!
You miss ytrimaz's ghost.
Ytrimaz's ghost is heavily damaged.
Ytrimaz's ghost hits you. The jelly hits you but does no damage.
Unknown command.
You sock ytrimaz's ghost!
Ytrimaz's ghost is heavily damaged.
The jelly completely misses you. Ytrimaz's ghost hits you.
You closely miss ytrimaz's ghost.
Ytrimaz's ghost is heavily damaged.
The jelly hits you but does no damage. Ytrimaz's ghost hits you.
You thump ytrimaz's ghost!
Ytrimaz's ghost is severely damaged.
The jelly closely misses you.
Ytrimaz's ghost draws life force from you!
* * * LOW HITPOINT WARNING * * *
Ytrimaz's ghost is healed by the life force!
You miss ytrimaz's ghost.
Ytrimaz's ghost is severely damaged.
The jelly hits you.
* * * LOW HITPOINT WARNING * * *
The acid corrodes you!
You are splashed with acid!
* * * LOW HITPOINT WARNING * * *
Ytrimaz's ghost draws life force from you!
* * * LOW HITPOINT WARNING * * *
Ytrimaz's ghost is healed by the life force!
You miss ytrimaz's ghost.
Ytrimaz's ghost is heavily damaged.
The jelly hits you.
* * * LOW HITPOINT WARNING * * *
You are splashed with acid.
* * * LOW HITPOINT WARNING * * *
Ytrimaz's ghost barely misses you.
You miss ytrimaz's ghost.
Ytrimaz's ghost is heavily damaged.
The jelly hits you.
* * * LOW HITPOINT WARNING * * *
You are splashed with acid!
You die...
Your body rises from the dead as a mindless zombie.

..#
#..........#...#..#...#.#
..#
#...........###....###..#
..#
########'#..............#
..# #.#.##...#.#.#..###
..# #Z#.####.#........#
..# #.#......#####....####
..# #.######## #..........
### #.##########........#.
* *
#####...#@....##.....##.#.
#.......JW~~~?##.....##.#.
#.####.)#.....##.....##...
* ##.#######......##### ,
*, #.# #..........# # #.#
#..........# # ,,, * #.#
####.####### # , + .J# #.#
##### * , , ./# #.# #....


You could see a jelly and ytrimaz's ghost.

Vanquished Creatures
  Eustachio (D:4)
  Menkaure (D:5)
  A water moccasin (D:4)
  A black bear (D:4)
  An ice beast (D:5)
  2 scorpions
  A howler monkey (D:4)
  A sleepcap (D:5)
  A hound (D:5)
  Robin (D:3)
  9 adders
  2 worms
  2 dart slugs (D:1)
  7 orcs
  8 ball pythons
  7 bats
  4 endoplasms
  2 giant cockroaches
  9 goblins
  7 hobgoblins
  2 quokkas (D:1)
  4 frilled lizards
  3 kobolds
  5 rats
82 creatures vanquished.

Vanquished Creatures (collateral kills)
  An adder (D:4)
  An endoplasm (D:3)
  A goblin (D:4)
  A quokka (D:4)
  A kobold (D:4)
5 creatures vanquished.

Vanquished Creatures (others)
  An ice beast zombie (D:5)
  A hound zombie (D:5)
  An adder zombie (D:5)
  A ball python zombie (D:4)
  4 goblin zombies (D:3)
  3 hobgoblin zombies
  A jackal zombie (D:3)
  A kobold zombie (D:4)
  3 orc zombies
16 creatures vanquished.

Grand Total: 103 creatures vanquished

Notes
Turn   | Place    | Note
-------+----------+-------------------------------------------
     0 | D:1      | lunkers the Meteoran Wanderer began the quest for the Orb.
     0 | D:1      | lunkers set off with the following items: a +0
                  | quarterstaff, a wand of flame (4), a scroll of fog, a +0
                  | robe; and the following spell memorised: Apportation; and
                  | the following spells available to memorise: Teleport Other,
                  | Iskenderun's Mystic Blast.
     0 | D:1      | Reached XP level 1. HP: 14/14 MP: 3/3
    29 | D:1      | Reached skill level 3 in Staves
    29 | D:1      | Reached XP level 2. HP: 15/20 MP: 3/5
   171 | D:1      | Reached XP level 3. HP: 26/26 MP: 6/6
   257 | D:1      | Reached skill level 4 in Staves
   491 | D:1      | Glimpsed the power of Zot.
   816 | D:2      | Found a radiant altar of Vehumet.
   879 | D:2      | Reached XP level 4. HP: 29/33 MP: 7/7
   919 | D:2      | Reached skill level 5 in Staves
  1183 | D:3      | Reached XP level 5. HP: 23/38 MP: 8/8
  1367 | D:3      | Found a faded altar of an unknown god.
  1425 | D:3      | Prayed at the altar of an unknown god.
  1425 | D:3      | Became a worshipper of Yredelemnul the Dark
  1425 | D:3      | Reached * piety under Yredelemnul
  1490 | D:3      | Noticed Robin
  1512 | D:3      | Killed Robin
  1513 | D:3      | Reached skill level 6 in Staves
  1644 | D:4      | Noticed a black bear
  1646 | D:4      | Reached XP level 6. HP: 40/45 MP: 9/9
  1658 | D:4      | Killed a black bear
  1659 | D:4      | Reached skill level 7 in Staves
  1676 | D:4      | Reached ** piety under Yredelemnul
  1794 | D:4      | Noticed Eustachio
  1803 | D:4      | Killed Eustachio
  1804 | D:4      | Reached skill level 8 in Staves
  1804 | D:4      | Reached XP level 7. HP: 41/56 MP: 10/10
  1911 | D:4      | Noticed a water moccasin
  1916 | D:4      | Killed a water moccasin
  1917 | D:4      | Reached XP level 8. HP: 62/67 MP: 11/11
  2040 | D:4      | Found a broken altar of Ashenzari.
  2059 | D:5      | Entered Level 5 of the Dungeon
  2222 | D:5      | Reached skill level 5 in Fighting
  2273 | D:5      | Noticed Menkaure
  2281 | D:5      | Killed Menkaure
  2492 | D:5      | Found a runed translucent door.
  2493 | D:5      | Noticed ytrimaz's ghost (novice DjFE)
  2547 | D:5      | HP: 3/71 [acid (6)]
  2548 | D:5      | Splashed by a jelly's acid

Illustrated notes

Levels and vault maps discovered:
D:1:      ncdulo_watergridlock, layout_loops_ring
D:2:      layout_loops_cross, basic_altar
D:3:      minmay_wonky_spiral, layout_basic,
          mainiacjoe_overflow_six_doors_small, shapermc_ecumenical_altar_ellora,
          saegor_snake_ambush, uniq_robin
D:4:      layout_rooms, evilmike_ruin_ashenzari, uniq_eustachio
D:5:      layout_basic, grunt_temple_overflow_order_and_chaos_1,
          nzn_wu_jian_council_hall, ebering_ghost_reflecting_pool, nrook_uturn,
          hangedman_abyss_or_decor_jellyfish_corner, fountainhead, uniq_menkaure

Skill      XL: |  1  2  3  4  5  6  7  8 |
---------------+-------------------------+-----
Staves         | 3 4 5 6 8 |  8.0
Fighting       | 2 4 6 |  6.9
Spellcasting   | |  1.3
Translocations | |  4.8
Invocations    | |  1.2
Evocations     | |  2.4

Action                     |  1- 3 |  4- 6 |  7- 9 || total
---------------------------+-------+-------+-------++-------
  Melee: Quarterstaff      |    75 |   127 |    86 ||   288
   Cast: Apportation       |     2 |       |       ||     2
    Use: Scroll            |     3 |     9 |       ||    12
         Potion            |       |       |     1 ||     1
 Armour: Robe              |    25 |       |       ||    25
         Ring mail         |     8 |    68 |    35 ||   111
  Dodge: Dodged            |    38 |    53 |    24 ||   115

Table legend: (Time is in decaauts)
 A = Elapsed time spent in this place.
 B = Non-inter-level travel time spent in this place.
 C = Inter-level travel time spent in this place.
 D = Time resting spent in this place.
 E = Time spent auto-exploring this place.
 F = Levels seen in this place.
 G = Mean time per level.
                   A        B        C        D        E       F      G
               +--------+--------+--------+--------+--------+-----+--------+
         Total |   2569 |   2511 |     58 |      0 |   1801 |   5 |  513.8 |
       Dungeon |   2569 |   2511 |     58 |      0 |   1801 |   5 |  513.8 |
               +--------+--------+--------+--------+--------+-----+--------+

Top non-repeatable levels by time:
     D:3: 607 daAuts
     D:1: 514 daAuts
     D:2: 512 daAuts
     D:5: 483 daAuts
     D:4: 452 daAuts
